 Dungeon Crawl Stone Soup version 0.19.5 (webtiles) character file.

97 Gargoyl the Skirmisher (level 4, -2/40 HPs)
             Began as a Ghoul Abyssal Knight on May 12, 2017.
             Was a Believer of Lugonu.
             Killed from afar by LiquoriceLizzard's ghost (9 damage)
             ... with a magic dart
             ... on level 3 of the Dungeon.
             The game lasted 00:04:00 (2027 turns).

Gargoyl the Skirmisher (Ghoul Abyssal Knight)       Turns: 2027, Time: 00:04:01

Health: -2/40      AC:  3    Str: 15    XL:     4   Next: 68%
Magic:  5/5        EV: 11    Int:  7    God:    Lugonu [**....]
Gold:   100        SH:  0    Dex:  9    Spells: 0 memorised, 3 levels left

rFire  . . .     SeeInvis .     a - +2 hand axe (drain)
rCold  + . .     Gourm    .     b - +0 leather armour
rNeg   + + +     Faith    .     (no shield)
rPois  ∞         Spirit   .     (no helmet)
rElec  .         Reflect  .     (no cloak)
rCorr  .         Harm     .     (no gloves)
MR     .....                    (no boots)
Stlth  +.........               (no amulet)
                                (no ring)
                                (no ring)

@: rotting
A: rotting body, claws 1, carnivore 3, cold resistance 1, negative energy
resistance 3, slow regeneration 1, torment resistance, unbreathing
a: Depart the Abyss, Bend Space, Renounce Religion


You were on level 3 of the Dungeon.
You worshipped Lugonu.
Lugonu was pleased with you.
You were not hungry.

You visited 1 branch of the dungeon, and saw 3 of its levels.
You visited the Abyss 1 time.

You collected 100 gold pieces.

Inventory:

Hand Weapons
 a - a +2 hand axe of draining (weapon)
 i - a +2 whip of electrocution
Armour
 b - a +0 leather armour (worn)
Jewellery
 r - a +4 amulet of reflection {unknown}
Scrolls
 g - a scroll of recharging
 h - 2 scrolls of identify
 m - a scroll of blinking
 n - 3 scrolls of amnesia
 o - 2 scrolls of fog
Potions
 d - 2 potions of degeneration {unknown}
 e - a potion of brilliance {unknown}
 f - a potion of agility {unknown}
 j - a potion of curing {unknown}
 k - a potion of mutation {unknown}
 l - a potion of might {unknown}
Comestibles
 c - 3 meat rations
 p - 2 chunks of flesh


   Skills:
 + Level 4.0 Fighting
 + Level 2.5 Axes
 * Level 2.4 Armour
 + Level 1.2 Dodging
 * Level 3.0 Invocations


You had 3 spell levels left.
You didn't know any spells.

Dungeon Overview and Level Annotations

Branches:
Dungeon (3/15)

Altars:
Trog
Zin

Annotations:
D:3 LiquoriceLizzard's ghost, amateur KoCj


Innate Abilities, Weirdness & Mutations

Your body is rotting away.
You thrive on raw meat.
You are immune to poison.
You have sharp fingernails.
You are carnivorous and can eat meat at any time.
Your flesh is cold resistant. (rC+)
You are immune to negative energy. (rN+++)
You regenerate slowly when monsters are visible.
You are immune to unholy pain and torment.
You can survive without breathing.


Message History

LiquoriceLizzard's ghost hits you.
You barely miss LiquoriceLizzard's ghost.
LiquoriceLizzard's ghost is moderately damaged.
LiquoriceLizzard's ghost hits you.
LiquoriceLizzard's ghost points at you and mumbles some strange words.
The magic dart hits you!
You miss LiquoriceLizzard's ghost.
LiquoriceLizzard's ghost is moderately damaged.
LiquoriceLizzard's ghost closely misses you.
You barely miss LiquoriceLizzard's ghost.
LiquoriceLizzard's ghost is moderately damaged.
LiquoriceLizzard's ghost casts a spell at you.
The magic dart hits you!
* * * LOW HITPOINT WARNING * * *
Some of the chunks of flesh in your inventory have rotted away.
LiquoriceLizzard's ghost hits you.
* * * LOW HITPOINT WARNING * * *
LiquoriceLizzard's ghost casts a spell at you.
The magic dart hits you!
You die...

. .## ... #.# #.#
#.#####.###.# ##
#.....W.....#
#...#
#######.###.##
#.#.# #....@.....#
..#.###.###.###..#
#......# #.# ...
#.##..###.# # #
#.#......# ..
#......### #.#
##.##.#.# #.#
##.###.#.#
#.###.## #.#.#


You could see LiquoriceLizzard's ghost.

Vanquished Creatures
  3 adders
  An ooze (D:2)
  A worm (D:2)
  3 leopard geckos (D:2)
  8 giant cockroaches
  7 goblins
  9 hobgoblins
  4 jackals (D:1)
  8 kobolds
  A ball python (D:3)
  3 bats
  3 frilled lizards
  4 rats
55 creatures vanquished.

Notes
Turn   | Place    | Note
-------+----------+-------------------------------------------
     0 | Abyss:1  | Gargoyl the Ghoul Abyssal Knight began the quest for the Orb.
     0 | Abyss:1  | Reached XP level 1. HP: 19/19 MP: 1/1
    39 | Abyss:1  | Noticed a red devil
   102 | Abyss:1  | Noticed a quasit
   103 | D:1      | Escaped the Abyss
   155 | D:1      | Reached * piety under Lugonu
   197 | D:1      | Reached XP level 2. HP: 26/26 MP: 2/2
   774 | D:1      | Reached XP level 3. HP: 29/31 MP: 3/3
  1237 | D:2      | Reached XP level 4. HP: 37/40 MP: 5/5
  1302 | D:2      | Reached ** piety under Lugonu
  1368 | D:2      | Reached skill level 1 in Dodging
  1542 | D:2      | Reached skill level 4 in Fighting
  1577 | D:2      | Found a bloodstained altar of Trog.
  1578 | D:2      | Found a glowing silver altar of Zin.
  2015 | D:3      | Noticed LiquoriceLizzard's ghost (amateur KoCj)
  2027 | D:3      | Killed from afar by LiquoriceLizzard's ghost

Skill      XL: |  1  2  3  4 |
---------------+-------------+-----
Armour         | 2 |  2.4
Axes           | 2 |  2.5
Invocations    | 3 |  3.0
Dodging        | 1 |  1.2
Fighting       | 4 |  4.0

Action                   |  1- 3 |  4- 6 || total
-------------------------+-------+-------++-------
Melee: Hand axe          |    78 |    45 ||   123
Invok: Depart the Abyss  |     1 |       ||     1
  Use: Scroll            |     6 |     4 ||    10
  Eat: Chunk             |     9 |     8 ||    17
Armor: Leather armour    |    29 |     7 ||    36
Dodge: Dodged            |    62 |    24 ||    86
